 Dungeon Crawl Stone Soup version 0.30.1 (webtiles) character file.

Game seed: 11954569905701762357

83 Fodor the Trooper (level 4, -3/61 HPs)
             Began as a Minotaur Fighter on July 4, 2023.
             Slain by a gnoll
             ... wielding a +0 halberd
              (10 damage)
             ... on level 2 of the Dungeon.
             The game lasted 00:07:59 (1221 turns).

Fodor the Trooper (Minotaur Fighter)                Turns: 1221, Time: 00:07:59

Health: -3/61      AC: 22    Str: 22    XL:     4   Next: 22%
Magic:  3/3        EV:  2    Int:  5    God:
Gold:   83         SH:  4    Dex: 10    Spells: 3/3 levels left

rFire   . . .        a - +0 long sword
rCold   . . .        c - +0 buckler
rNeg    . . .        b - melded +0 scale mail
rPois   +            (helmet currently unavailable)
rElec   .            (cloak currently unavailable)
rCorr   .            (gloves currently unavailable)
SInv    .            (boots currently unavailable)
Will    .....        f - amulet of regeneration
Stlth   +            (no ring)
HPRegen 1.10/turn    (no ring)
MPRegen 0.08/turn

%: no passive effects
@: tree-form (expiring)
A: stationary, stasis, torment immunity, boosted hp, (horns 2), (retaliatory
headbutt)
a: no special abilities


You were on level 2 of the Dungeon.
You were a tree.
You visited 1 branch of the dungeon, and saw 2 of its levels.

You collected 83 gold pieces.

Inventory:

Hand Weapons
 a - a +0 long sword (weapon)
Missiles
 h - 7 poisoned darts (quivered)
Armour
 b - a +0 scale mail (melded)
 c - a +0 buckler (worn)
Jewellery
 f - an amulet of regeneration (around neck)
Scrolls
 i - a scroll of enchant armour
 k - a scroll of noise
 l - a scroll of silence
 n - a scroll of enchant weapon {unknown}
 o - a scroll of immolation
 p - a scroll of blinking {unknown}
 q - a scroll of poison {unknown}
Potions
 d - a potion of might


   Skills:
 + Level 4.4 Fighting
 + Level 3.5 Long Blades
 + Level 4.2 Armour
 + Level 0.8 Dodging
 + Level 4.1 Shields


You had 3 spell levels left.
You didn't know any spells.
Your spell library contained the following spells:

 Spells                   Type           Power      Damage    Failure   Level
 Ensorcelled Hibernation  Hex/Ice        0%         N/A       67%         2
 Passwall                 Tmut/Erth      0%         N/A       67%         2
 Swiftness                Air            0%         N/A       88%         3


Dungeon Overview and Level Annotations

Branches:
Dungeon (2/15)

Altars:


Innate Abilities, Weirdness & Mutations

You are a tree.
Your roots penetrate the ground, keeping you stationary.
You cannot be teleported.
You are immune to unholy pain and torment.
Your maximum health is greatly increased.
Your equipment is partially melded.
((You have a pair of horns on your head.))
((You reflexively headbutt those who attack you in melee.))


Message History

l - a scroll of silence The gnoll hits you from afar with a +0 halberd!
The gnoll hits you from afar with a +0 spear.
Okay, then.
You cannot move.
There are monsters nearby!
There are monsters nearby!
There are monsters nearby!
There are monsters nearby!
There are monsters nearby!
There are monsters nearby!
Unknown command.
You cannot move.
You cannot move.
You cannot move.
You cannot move.
You cannot move.
You cannot move.
You cannot move.
You swing at nothing.
You block the gnoll's attack.
The gnoll hits you from afar with a +0 spear.
You swing at nothing.
Your transformation is almost over.
The gnoll hits you from afar with a +0 halberd.
The gnoll hits you from afar with a +0 spear.
* * * LOW HITPOINT WARNING * * *
You swing at nothing.
You block the gnoll's attack. The gnoll barely misses you.
The gnoll hits you but does no damage.
The gnoll hits you from afar with a +0 spear.
* * * LOW HITPOINT WARNING * * *
You swing at nothing.
The gnoll hits you but does no damage. x2
You swing at nothing.
You block the gnoll's attack. x2
You swing at nothing.
The gnoll hits you from afar with a +0 halberd!
* * * LOW HITPOINT WARNING * * *
The gnoll hits you but does no damage.
You swing at nothing.
The gnoll hits you but does no damage. The gnoll barely misses you.
The gnoll hits you but does no damage.
The gnoll hits you from afar with a +0 halberd!
You die...

####........#<.####.
...##............)).....
....##....#..#.'..#.#...
.....##.........###.#...
......#...#.........#...
..[...#............##.##
.....g#...##....#.....##
.....g†)..#.#.._.......#
....!.)♣#....##....#....
......#†...#..#.......#.
......#............#....
..... #.#...#.........##
..... #.#..#.###....#.#
.... ###.............#
...# ####.####.######
#.# #....... ########.#
########


You could see 2 gnolls.

Vanquished Creatures
  2 adders (D:2)
  2 gnolls (D:2)
  A worm (D:2)
  3 orcs (D:2)
  3 endoplasms
  3 goblins
  4 hobgoblins
  3 quokkas
  4 ball pythons
  2 bats (D:1)
  11 frilled lizards
  4 kobolds (D:1)
  A rat (D:2)
43 creatures vanquished.

Notes
Turn   | Place    | Note
-------+----------+-------------------------------------------
     0 | D:1      | Fodor the Minotaur Fighter began the quest for the Orb.
     0 | D:1      | Reached XP level 1. HP: 19/19 MP: 0/0
   245 | D:1      | Reached XP level 2. HP: 27/27 MP: 1/1
   586 | D:2      | Found a faded altar of an unknown god.
   698 | D:2      | Reached XP level 3. HP: 32/33 MP: 2/2
  1205 | D:2      | Reached XP level 4. HP: 41/41 MP: 3/3
  1221 | D:2      | Slain by a gnoll

Illustrated notes

Levels and vault maps discovered:
D:1:      kennysheep_arrival_seaside, layout_rooms
D:2:      layout_basic, hellmonk_ecumenical_altar_blasted,
          kennysheep_cross_room, minmay_lizard_pond

Skill      XL: |  1  2  3 |
---------------+----------+-----
Fighting       | 4 |  4.4
Long Blades    | 3 |  3.5
Shields        | 4 |  4.1
Armour         | 4 |  4.2
Dodging        | |  0.8

Action                     |  1- 3 |  4- 6 || total
---------------------------+-------+-------++-------
  Melee: Long sword        |    87 |     3 ||    90
         Headbutt          |    14 |       ||    14
    Use: Potion            |     4 |       ||     4
         Scroll            |       |     3 ||     3
 Armour: Scale mail        |    54 |       ||    54
         Skin              |    33 |    20 ||    53
  Dodge: Dodged            |    68 |     7 ||    75
  Block: Buckler           |    32 |     8 ||    40
